AoeStats
← Furian

Arena

510426694Analyzed
4v4 RM · 8h ago on Oct 1, 2026· 61m 33s· 8 players
Game mode
Random Map
Map size
Large (8 player)
Population
200
Speed
Normal
Resources
Standard
Victory
Conquest
Starting age
Dark Age
Ending age
Imperial Age
RankedLock teamsTeams togetherTeam positionsShared explorationLock speedFull tech treeHidden civsTurbo modeCheats
Victory
Defeat
🇹🇷 Turks · Türkiye
1451
+10
🇹🇷 Mongols · Türkiye
1350
+14
🇹🇷 Danes · Türkiye
1264
+18
🇹🇷 Italians · Türkiye
1260
+19
🇨🇱 Khmer · Chile
1333
-16
🇦🇷 Koreans · Argentina
1331
-16
🇨🇴 Bohemians · Colombia
1306
-15
🇲🇽 Varangians · Mexico
1275
-14
andres_exos
10:59 Feudal Age
14:48 Castle Age
12:35 Double-Bit Axe
15:01 Scale Mail Armor
18:17 Bow Saw
29:51 Chemistry
32:47 Imperial Age
30:18 Pikeman
31:17 Chain Mail Armor
32:11 Wheelbarrow
32:00 Squires
32:39 Forging
33:44 Hand Cart
33:49 Wagenburg Tactics
34:31 Iron Casting
35:34 Conscription
36:08 Plate Mail Armor
37:39 Blast Furnace
37:39 Siege Engineers
37:26 Halberdier
38:16 Loom
42:35 Houfnice
43:47 Hussite Reforms
44:16 Elite Hussite Wagon
50:19 Fortified Wall
HK El Primo
10:36 Feudal Age
14:08 Castle Age
12:34 Double-Bit Axe
12:30 Horse Collar
15:13 Bow Saw
23:54 Wheelbarrow
25:31 Hand Cart
25:21 Heavy Plow
26:19 Loom
29:25 Imperial Age
28:11 Arson
29:54 Squires
30:41 Scale Mail Armor
30:52 Forging
31:52 Two-Man Saw
31:28 Crop Rotation
30:28 Elite Varangian Guard
32:16 Iron Casting
31:47 Scale Barding Armor
31:58 Chain Mail Armor
32:07 Bloodlines
31:58 Husbandry
31:26 Capped Ram
32:12 Gold Mining
32:12 Stone Mining
32:54 Conscription
31:55 Gothikon
32:55 Town Watch
35:04 Blast Furnace
34:35 Plate Mail Armor
34:25 Chain Barding Armor
35:13 Gambesons
35:05 Elite Jarl
35:41 Vendel Legacy
37:05 Man-at-Arms
39:07 Pikeman
41:56 Plate Barding Armor
44:58 Ballistics
45:39 Chemistry
45:49 Coinage
46:15 Halberdier
47:53 Banking
47:23 Caravan
49:33 Light Cavalry
53:00 Siege Ram
53:02 Hussar
55:08 Guilds
ElBochitaDeLaGente
10:34 Feudal Age
11:45 Loom
14:42 Castle Age
13:05 Double-Bit Axe
16:43 Bow Saw
18:29 Fletching
21:10 Town Watch
28:56 Horse Collar
29:54 Bodkin Arrow
30:53 Wheelbarrow
34:55 Imperial Age
34:08 Hand Cart
34:02 Gold Mining
35:43 Bracer
37:19 Conscription
38:03 Town Patrol
39:46 Ballistics
40:26 Chemistry
39:07 Elite Skirmisher
46:32 Two-Man Saw
48:23 Scale Mail Armor
50:22 Chain Mail Armor
50:17 Forging
49:30 Pikeman
50:10 Squires
49:56 Arson
50:37 Halberdier
53:23 Plate Mail Armor
-DOKO-
10:46 Feudal Age
14:28 Castle Age
12:48 Double-Bit Axe
13:25 Horse Collar
15:31 Bow Saw
21:56 Wheelbarrow
25:15 Town Watch
25:16 Loom
31:01 Imperial Age
28:55 Heavy Plow
29:09 Gold Mining
29:53 Fletching
30:10 Scale Barding Armor
31:39 Bloodlines
31:51 Chain Barding Armor
31:41 Forging
31:09 Cavalier
32:29 Conscription
34:13 Plate Barding Armor
34:14 Iron Casting
34:03 Tusk Swords
38:26 Heavy Scorpion
39:31 Light Cavalry
40:12 Husbandry
41:14 Blast Furnace
40:58 Stone Mining
40:55 Hussar
47:36 Crop Rotation
48:05 Capped Ram
50:17 Siege Ram
57:12 Bodkin Arrow
61:32 Hand Cart
akgunfurkan45
10:43 Feudal Age
14:22 Castle Age
12:20 Double-Bit Axe
12:48 Horse Collar
15:38 Husbandry
30:44 Imperial Age
28:17 Loom
29:07 Wheelbarrow
28:18 Town Watch
29:20 Forging
29:16 Scale Barding Armor
30:57 Iron Casting
30:14 Fletching
31:06 Bloodlines
31:20 Chain Barding Armor
32:14 Bombard Tower
33:16 Blast Furnace
32:34 Bodkin Arrow
34:17 Plate Barding Armor
34:18 Artillery
34:39 Conscription
35:05 Masonry
34:52 Murder Holes
36:29 Bracer
39:26 Ballistics
39:21 Treadmill Crane
40:11 Architecture
41:58 Coinage
45:32 Banking
56:09 Heavy Plow
56:23 Bow Saw
edge2147
9:31 Feudal Age
13:23 Castle Age
11:12 Double-Bit Axe
12:10 Horse Collar
19:36 Loom
23:05 Sanctity
29:55 Imperial Age
28:13 Stone Mining
28:15 Gold Mining
31:55 Pirotechnia
33:29 Chemistry
32:38 Fletching
32:49 Padded Archer Armor
39:45 Bodkin Arrow
40:05 Leather Archer Armor
40:15 Ballistics
40:32 Ballistics
39:46 Elite Genoese Crossbowman
40:46 Bodkin Arrow
42:05 Wheelbarrow
45:01 Bracer
45:17 Leather Archer Armor
45:36 Bow Saw
47:00 Silk Road
47:47 Ring Archer Armor
47:43 Conscription
50:21 Two-Man Saw
50:39 Thumb Ring
52:30 Scale Barding Armor
52:36 Forging
53:48 Husbandry
53:09 Light Cavalry
54:38 Bloodlines
55:20 Chain Barding Armor
55:42 Iron Casting
54:58 Hussar
57:51 Plate Barding Armor
58:26 Blast Furnace
Sebastian von Rumelien
9:50 Feudal Age
10:51 Double-Bit Axe
13:36 Castle Age
14:30 Bow Saw
20:14 Wheelbarrow
19:56 Horse Collar
22:52 Hand Cart
22:24 Loom
22:24 Town Watch
27:42 Imperial Age
29:23 Drill
28:40 Capped Ram
29:57 Siege Engineers
30:12 Siege Ram
32:54 Chemistry
33:28 Heavy Scorpion
35:00 Ballistics
36:56 Fletching
37:22 Masonry
37:09 Murder Holes
39:00 Gold Mining
39:00 Stone Mining
45:43 Bodkin Arrow
51:41 Bracer
54:17 Hoardings
54:26 Hoardings
Furian
10:52 Feudal Age
14:52 Castle Age
13:03 Double-Bit Axe
13:19 Horse Collar
13:53 Forging
13:44 Scale Mail Armor
20:07 Iron Casting
20:59 Chain Mail Armor
21:21 Arson
21:36 Squires
22:59 Squires
25:53 Loom
25:59 Hamask
27:56 Wheelbarrow
33:02 Imperial Age
30:41 Gold Mining
32:35 Bow Saw
32:53 Heavy Plow
35:10 Blast Furnace
35:05 Conscription
34:49 Elite Jomsviking
40:20 Plate Mail Armor
50:28 Hand Cart
Connection lost

Rejoining the realm…

Still unreachable

The connection could not be restored.

Session expired

The server has moved on; the page needs a fresh start.